 Dungeon Crawl Stone Soup version 0.22-a0-769-g178e55541d (webtiles) character file.

123 Holzbalken the Cudgeler (level 5, 0/32 HPs)
             Began as a Gargoyle Monk on July 17, 2018.
             Slain by a gnoll
             ... wielding a cursed -2 spear
              (4 damage)
             ... on level 3 of the Dungeon.
             The game lasted 00:06:42 (2133 turns).

Holzbalken the Cudgeler (Gargoyle Monk)             Turns: 2133, Time: 00:06:43

Health: 0/32       AC: 11    Str: 15    XL:     5   Next: 7%
Magic:  5/5        EV: 10    Int: 11    God:
Gold:   85         SH:  0    Dex: 12    Spells: 4/4 levels left

rFire    . . .     SeeInvis .   d - +0 flail
rCold    . . .     Gourm    .   (no shield)
rNeg     + . .     Faith    .   g - +0 scale mail
rPois    ∞         Spirit   .   (no helmet)
rElec    +         Reflect  .   (no cloak)
rCorr    .         Harm     .   (no gloves)
MR       .....                  h - +0 pair of boots
Stlth    +.........             (no amulet)
HPRegen  0.10/turn              (no ring)
MPRegen  0.09/turn              (no ring)

@: no status effects
A: negative energy resistance 1, electricity resistance, unbreathing,
petrification resistance, rot immunity, AC +4
a: no special abilities


You were on level 3 of the Dungeon.
You were not hungry.

You visited 1 branch of the dungeon, and saw 3 of its levels.

You collected 85 gold pieces.

Inventory:

Hand Weapons
 a - a +0 mace
 d - a +0 flail (weapon)
Armour
 b - a +0 robe
 e - a +0 ring mail
 g - a +0 scale mail (worn)
 h - a +0 pair of boots (worn)
Scrolls
 f - 2 scrolls of teleportation {unknown}
 i - 3 scrolls of remove curse
 l - a scroll of identify {unknown}
 m - a scroll of fear {unknown}
 n - a scroll of amnesia {unknown}
Comestibles
 c - 6 rations
 k - 2 chunks of flesh


   Skills:
 - Level 3.2 Fighting
 + Level 5.6 Maces & Flails
 - Level 2.4 Dodging
 - Level 2.1 Stealth


You had 4 spell levels left.
You didn't know any spells.
Your spell library was empty.

Dungeon Overview and Level Annotations

Branches:
Dungeon (3/15)

Altars:


Innate Abilities, Weirdness & Mutations

You are resistant to torment.
Your stone body is resilient. (AC +4)
You are immune to poison.
You resist negative energy. (rN+)
You are resistant to electric shocks. (rElec)
You can survive without breathing.
You are immune to petrification.
You are immune to rotting.


Message History

Your transformation is almost over.
The gnoll hits you but does no damage. The gnoll hits you but does no damage.
The gnoll hits you from afar with a spear.
* * * LOW HITPOINT WARNING * * *
The gnoll hits you but does no damage. The gnoll hits you but does no damage.
The gnoll hits you but does no damage. The gnoll hits you but does no damage.
The gnoll hits you but does no damage. The gnoll hits you but does no damage.
The gnoll hits you but does no damage.
You feel less wooden.
Your +0 pair of boots unmelds from your body.
Your +0 scale mail unmelds from your body.
The gnoll hits you but does no damage. The gnoll hits you but does no damage.
The gnoll hits you but does no damage.
The gnoll hits you from afar with a spear.
You die...

##.## #.. #.# ### #.#
##+## ## ##...## ####. #
##.....## #.... ##.
##.......###.##.
#.#...####.........##.#..
.....gg)@'.........'.....
#.....####.........##.#..
##.#. ##.......###.##. #
##.....## #.### ##...##
#.... ##+## ##### # # #


You could see 2 gnolls.

Vanquished Creatures
  5 gnolls (D:3)
  2 adders (D:2)
  A worm (D:2)
  A dart slug (D:2)
  2 leopard geckos
  8 bats
  4 giant cockroaches
  6 hobgoblins
  A ball python (D:1)
  2 frilled lizards (D:1)
  4 goblins
  7 kobolds
  9 rats
52 creatures vanquished.

Notes
Turn   | Place    | Note
-------+----------+-------------------------------------------
     0 | D:1      | Holzbalken the Gargoyle Monk began the quest for the Orb.
     0 | D:1      | Reached XP level 1. HP: 14/14 MP: 1/1
   129 | D:1      | Reached XP level 2. HP: 13/19 MP: 2/2
   591 | D:1      | Reached skill level 4 in Maces & Flails
   629 | D:1      | Reached XP level 3. HP: 20/23 MP: 3/3
  1194 | D:2      | Reached XP level 4. HP: 23/28 MP: 4/4
  1600 | D:3      | Reached skill level 5 in Maces & Flails
  2110 | D:3      | Reached XP level 5. HP: 5/32 MP: 5/5
  2133 | D:3      | Slain by a gnoll

Vault maps used:
D:1:      tarquinn_simple_flora_water_d

Skill      XL: |  1  2  3  4 |
---------------+-------------+-----
Maces & Flails | 4 5 |  5.6
Fighting       | |  3.2
Dodging        | |  2.4
Stealth        | |  2.1

Action                   |  1- 3 |  4- 6 || total
-------------------------+-------+-------++-------
Melee: Mace              |   139 |    59 ||   198
       Flail             |       |    21 ||    21
  Use: Scroll            |     1 |       ||     1
       Potion            |       |     1 ||     1
 Stab: Sleeping          |     3 |       ||     3
  Eat: Chunk             |     1 |     3 ||     4
Armor: Robe              |     2 |       ||     2
       Ring mail         |    59 |       ||    59
       Scale mail        |    10 |    49 ||    59
       Skin              |       |    11 ||    11
Dodge: Dodged            |    84 |    59 ||   143

Table legend:
 A = Spawn XP
 B = Non-spawn XP
 C = Spawn XP percentage of total XP
 D = Spawn monster count
 E = Non-spawn monster count
 F = Spawn count percentage of total count
 G = Total turns spent on level
                    A         B        C        D         E        F      G
               +---------+---------+-------+---------+---------+-------+---------
         Total |       0 |     176 |   0.0 |       0 |      52 |   0.0 |  2133
               +---------+---------+-------+---------+---------+-------+---------
           D:1 |       0 |      45 |   0.0 |       0 |      29 |   0.0 |   871
           D:2 |       0 |      48 |   0.0 |       0 |      11 |   0.0 |   708
           D:3 |       0 |      83 |   0.0 |       0 |      12 |   0.0 |   554
               +---------+---------+-------+---------+---------+-------+---------
